[Event "*** Titled Tuesday Blitz"]
[Site "Chess.com"]
[Date "2021.03.30"]
[Round "2"]
[White "Grieve72"]
[Black "pirulillo"]
[Result "1-0"]
[WhiteElo "2475"]
[BlackElo "2281"]
[TimeControl "180+1"]
[EndTime "10:18:01 PDT"]
[Termination "Grieve72 won by checkmate"]

1. e4 c5 2. Nc3 Nc6 3. Bb5 Nd4 4. Nf3 Nxb5 5. Nxb5 d6 6. d4 cxd4 7. Qxd4 a6 8. Nc3 Nf6 9. Bg5 e6 10. O-O Be7 11.
Rad1 Qc7 12. e5 dxe5 13. Nxe5 O-O 14. Qe3 Re8 15. Rd2 Nd7 16. Nxd7 Bxd7 17. Bxe7 Rxe7 18.
Nd5 Qd8 19. Nxe7+ Qxe7 20. Rfd1 Bc6 21. Qb6 h6 22. Rd8+ Rxd8 23. Qxd8+ Qxd8 24. Rxd8+ Kh7 25. f3 Kg6 26. Kf2 Kf6 27. Ke3 Ke7 28. Rg8 Kf6 29. Kd4 h5 30. Kc5 g5 31. h3 Kf5 32. Kd6 Kf4 33. Ke7 f5 34. Kxe6 g4 35. hxg4 hxg4 36.
Rf8 Ke3 37. Rxf5 g3 38. Rg5 Kf2 39. Ke5 Kxg2 40. Kf4 Kf2 41. Rxg3 Ke2 42. Rg2+ Kd1 43. Ke3 Kc1 44. b3 Kb2 45. a4 Kc3 46. Rf2 Bd7 47. f4 Bf5 48. Rg2 Bxc2 49. Rxc2+ Kxc2 50. f5 Kxb3 51. f6 Kxa4 52. f7 b5 53. f8=Q a5 54. Kd3 b4 55. Kc2 Kb5 56. Qf5+ Ka4 57. Qd7+ Ka3 58. Qd3+ Ka2 59. Qb3+ Ka1 60. Qb1# 1-0

[Event "*** Titled Tuesday Blitz"]
[Site "Chess.com"]
[Date "2021.03.30"]
[Round "2"]
[White "OhanyanEminChess"]
[Black "Grandmaster1369"]
[Result "1-0"]
[WhiteElo "2673"]
[BlackElo "2417"]
[TimeControl "180+1"]
[EndTime "10:18:02 PDT"]
[Termination "OhanyanEminChess won by checkmate"]

1. e4 c5 2. Nf3 e6 3. d4 cxd4 4. Nxd4 a6 5. Bd3 Qc7 6. O-O Bc5 7. Nb3 Be7 8. f4 d6 9. Kh1 Nf6 10. a4 b6 11. Nc3 Bb7 12. Qe2 Nbd7 13. Bd2 h5 14.
Rae1 h4 15. e5 h3 16. Kg1 hxg2 17. Rf2 dxe5 18. fxe5 Nxe5 19. Bf4 Nfd7 20. Be4 f6 21. Rxg2 g5 22. Bg3 O-O-O 23. Bxb7+ Qxb7 24. Rf1 g4 25. Nd2 Bc5+ 26. Kh1 Rh3 27. Nce4 Be7 28. Nc4 b5 29. Ncd6+ Bxd6 30. Nxd6+ Kc7 31. Nxb7 Kxb7 32. axb5 a5 33. Bxe5 Nxe5 34. Rxf6 Nf3 35. Rxf3 gxf3 36. Qe4+ Ka7 37. Rg1 Rd5 38. Rf1 Rdh5 39. Rf2 Kb6 40. c4 a4 41. Qxe6+ Ka5 42. Qa6+ Kb4 43. b6 Re5 44. Rf1 Re2 45. Qb5# 1-0

[Event "*** Titled Tuesday Blitz"]
[Site "Chess.com"]
[Date "2021.03.30"]
[Round "2"]
[White "GM_Crest"]
[Black "ChronicUnhappiness"]
[Result "1-0"]
[WhiteElo "2731"]
[BlackElo "2347"]
[TimeControl "180+1"]
[EndTime "10:18:02 PDT"]
[Termination "GM_Crest won by resignation"]

1. d4 d5 2. c4 e6 3. Nc3 Bb4 4. a3 Bxc3+ 5. bxc3 c5 6. cxd5 exd5 7. e3 Nc6 8. Bd3 Nge7 9. Ne2 Bf5 10. O-O c4 11.
Bxf5 Nxf5 12. a4 O-O 13. Ba3 Re8 14. Nf4 Nd6 15. Qc2 Ne4 16. f3 Nf6 17. Rae1 Qc7 18. g3 Ne7 19. e4 Ng6 20. Nxg6 hxg6 21. e5 Nd7 22. f4 Qc6 23. g4 Nb6 24. a5 Qa4 25.
Qb2 Qxa5 26. Bb4 Qb5 27. f5 a5 28. fxg6 fxg6 29. Qf2 Qd7 30. Ba3 a4 31. Qf4 Qe6 32. Qg5 Rac8 33. Rf3 Rc7 34. Rh3 Rf7 35. Qh4 Rf4 36.
Qh7+ Kf7 37. Rg3 Rf8 38. Bxf8 Kxf8 39. Qh8+ Kf7 40. Qb8 Nd7 41. Qxb7 g5 42. h3 Kg6 43. Ra1 Qf7 44. Qc6+ Kh7 45. e6 Qf6 46. Qxd7 Rf2 47. e7 Qf4 48. Qf5+ Qxf5 49. gxf5 Rb2 50. e8=Q Rb3 51.
Qg6+ 1-0

[Event "*** Titled Tuesday Blitz"]
[Site "Chess.com"]
[Date "2021.03.30"]
[Round "2"]
[White "Eliwood44"]
[Black "attack2mateU"]
[Result "0-1"]
[WhiteElo "2510"]
[BlackElo "2755"]
[TimeControl "180+1"]
[EndTime "10:18:03 PDT"]
[Termination "attack2mateU won by resignation"]

1. d4 Nf6 2. Nf3 g6 3. g3 Bg7 4. Bg2 d5 5. O-O O-O 6. c4 dxc4 7. Na3 c3 8. bxc3 c5 9. Re1 Nc6 10. e4 Bg4 11. d5 Ne5 12. Bf4 Nfd7 13. Rb1 Qa5 14. Nc2 b6 15. Re3 Nc4 16. Re1 Qxc3 17. Rb3 Qa5 18. Qc1 Qxa2 19. Rb1 Bb2 20. Qd1 Bc3 21. Re2 Nb2 22. Qf1 Qa6 23. h3 Bxf3 24. Bxf3 Nd3 25. Bh6 Rfd8 26. Re3 N7e5 27. Be2 Bd2 28.
Rxd3 Bxh6 29. Ra3 Qc8 30. f4 Nd7 31. g4 c4 32. g5 Bg7 33. h4 Nc5 34. Qg2 e6 35. h5 exd5 36. hxg6 hxg6 37. e5 d4 38. Rh3 d3 39. Bg4 dxc2 40. Rc1 Qb7 41. Qh2 Qe4 42. e6 Bd4+ 43. Kf1 Nxe6 44. Bxe6 Qxe6 45.
Rxc2 Re8 46. Re2 Qxe2+ 47. Qxe2 Rxe2 48. Kxe2 c3 49. Kd3 Rd8 50. f5 gxf5 51. g6 fxg6 52. Rg3 Be5+ 0-1

[Event "*** Titled Tuesday Blitz"]
[Site "Chess.com"]
[Date "2021.03.30"]
[Round "2"]
[White "Pelopidass"]
[Black "Vusatiuk_Vladimir"]
[Result "1-0"]
[WhiteElo "2567"]
[BlackElo "2313"]
[TimeControl "180+1"]
[EndTime "10:18:03 PDT"]
[Termination "Pelopidass won by resignation"]

1. d4 e5 2. dxe5 Nc6 3. Nf3 Qe7 4. Nc3 Nxe5 5. e4 Nf6 6. Be2 Nxf3+ 7. Bxf3 g6 8. O-O Bg7 9. e5 Ng8 10. Nd5 Qd8 11.
Re1 c6 12. Nf6+ Kf8 13. Qd6+ Qe7 14. Qxe7+ Kxe7 15. Bg5 Bxf6 16. exf6+ Kf8 17. Bf4 Nxf6 18. Bh6+ Kg8 19. Re7 d5 20. Rae1 Be6 21. Rxb7 Ne8 22. Re7 a5 23. a4 Rc8 24. c3 Nd6 25. g4 Re8 26. R1xe6 fxe6 27. Rg7+ Kf8 28. Rd7+ Kg8 29. Rxd6 Kf7 30. Rxc6 Re7 31. Be3 Rb8 32. Bc1 Reb7 33.
Ra6 Ke7 34. Rxa5 Rc8 35. Be2 Kd6 36. Ra6+ Ke7 37. Bg5+ Kf7 38. Bc1 Rcb8 39. a5 Rb3 40. Kf1 R3b7 41. Rc6 e5 42. a6 Ra7 43. Rd6 d4 44.
cxd4 exd4 45. Rxd4 Rc8 46. Be3 Rb8 47. Rf4+ Ke6 48.
Bxa7 Rxb2 49. Be3 Rb1+ 50. Kg2 Ra1 51. a7 Ke5 52. Rf8 g5 53. a8=Q Rxa8 54. Rxa8 h5 55. gxh5 1-0

[Event "*** Titled Tuesday Blitz"]
[Site "Chess.com"]
[Date "2021.03.30"]
[Round "2"]
[White "EvgenyT"]
[Black "Kretov_Evgenij"]
[Result "1-0"]
[WhiteElo "2923"]
[BlackElo "2578"]
[TimeControl "180+1"]
[EndTime "10:18:04 PDT"]
[Termination "EvgenyT won by resignation"]

1. c4 Nf6 2. Nc3 c5 3. g3 e6 4. Nf3 b6 5. Bg2 Bb7 6. O-O Be7 7. d4 cxd4 8. Qxd4 d6 9. Bg5 a6 10. Rfd1 Nbd7 11. Qd2 O-O 12. Bf4 Ne8 13. Rac1 Rc8 14. b3 Qc7 15. Qe3 Qb8 16. Bg5 Nef6 17. Bxf6 Nxf6 18. Qxb6 d5 19. cxd5 Rxc3 20. Rxc3 Nxd5 21. Rxd5 Bxd5 22. Qxb8 Rxb8 23. Nd2 Bb4 24. Rc2 Bxg2 25.
Kxg2 Rd8 26. Nc4 Kf8 27. Ne5 Bd6 28. Nd3 Ke7 29. Rc6 Ra8 30. Kf3 Kd7 31. Rc4 Rb8 32. Ra4 Rb6 33. Ra5 Rc6 34. h4 Kc7 35.
h5 Kb6 36. Ra4 Rc2 37. Nb4 Rc3+ 38. Nd3 Rc2 39. g4 e5 40. Ke3 g6 41. hxg6 hxg6 42.
g5 Be7 43. Nxe5 Bxg5+ 44. f4 Bf6 45. Nxf7 Rc7 46. Nd6 g5 47. Nc4+ Ka7 48. fxg5 Bxg5+ 49. Kd3 Rd7+ 50. Kc2 Re7 51. Kd3 Rd7+ 52. Ke4 Re7+ 53. Ne5 Bf6 54. Ra5 Kb6 55. Rd5 Rc7 56. Rd6+ 1-0

[Event "*** Titled Tuesday Blitz"]
[Site "Chess.com"]
[Date "2021.03.30"]
[Round "2"]
[White "Mops_2004"]
[Black "QuintilianoR"]
[Result "0-1"]
[WhiteElo "2508"]
[BlackElo "2743"]
[TimeControl "180+1"]
[EndTime "10:18:04 PDT"]
[Termination "QuintilianoR won by resignation"]

1. Nf3 Nf6 2. g3 e6 3. Bg2 d5 4. O-O Be7 5. c4 O-O 6. b3 c5 7.
Bb2 Nc6 8. cxd5 exd5 9. d4 Ne4 10. h3 Bf6 11. e3 Re8 12. Nc3 cxd4 13. Nxd4 Bxd4 14.
exd4 Bf5 15. Ne2 Qd7 16. g4 Bg6 17. f3 Nf6 18. Nf4 Qd6 19. Qd2 Nd7 20. Rfe1 a5 21. h4 h6 22. Nxg6 Qxg6 23. h5 Qd6 24. Rxe8+ Rxe8 25. Re1 Rxe1+ 26. Qxe1 Nf6 27. a3 Qf4 28.
Qf2 Qg5 29. Kh1 Qf4 30. Bf1 Nxg4 31. Qe2 Nf6 32. Bg2 Nxd4 33. Qd1 Nc6 34. Bxf6 Qxf6 35. Qxd5 Qa1+ 36. Kh2 Qxa3 37. Bf1 Qe7 38. Bc4 Qe5+ 39. Kh3 Qxd5 40. Bxd5 Nd4 41. Kg3 b5 42. Kf4 a4 43.
bxa4 bxa4 44. Ke3 Nc2+ 45. Kd2 Nb4 46. Bc4 Nc6 47. Kc3 Ne5 48. Bd5 Nd7 49. Kb4 Nf6 50. Bc4 Nxh5 51. Kxa4 Nf6 52. Kb4 g6 53. Kc3 Kg7 54.
Kd4 Nd7 55. Bb5 Nf8 56. Ke5 Ne6 57.
Bc4 Ng5 58. f4 f6+ 59. Kd4 Nf7 60. Ke3 f5 61. Kd4 Kf6 62. Bb3 Nd8 63. Kd5 Ne6 0-1

[Event "*** Titled Tuesday Blitz"]
[Site "Chess.com"]
[Date "2021.03.30"]
[Round "2"]
[White "Horizonevent"]
[Black "Volodar_Murzin"]
[Result "1-0"]
[WhiteElo "2535"]
[BlackElo "2753"]
[TimeControl "180+1"]
[EndTime "10:18:05 PDT"]
[Termination "Horizonevent won by resignation"]

1. e4 c5 2. Nf3 d6 3. d4 cxd4 4. Nxd4 Nf6 5. Nc3 a6 6. g3 b5 7. Bg2 Bb7 8. a3 Nbd7 9. O-O Rc8 10. Re1 Qc7 11. Bg5 e6 12. a4 b4 13. Nd5 exd5 14.
exd5+ Ne5 15. Bxf6 gxf6 16. f4 Qc5 17. fxe5 fxe5 18.
Kh1 Bxd5 19. Qg4 Bxg2+ 20. Kxg2 Qd5+ 21. Kh3 Rc4 22. Rad1 h5 23. Qf5 Rh6 24. c3 Be7 25. Nf3 Qe6 26. Qxe6 fxe6 27. Nd2 Rc7 28. c4 Rb7 29. b3 Rc7 30. Ne4 Rc6 31. Rd3 Rg6 32.
Red1 Rg4 33. Nxd6+ Kf8 34. Nb7 e4 35. Rd7 e3 36.
Re1 Ke8 37. Rd3 Bg5 38. Nd6+ Ke7 39. Nb7 Re4 40. Na5 Rc7 41. c5 Re5 42. Nc4 Rexc5 43.
Nxe3 Re5 44. Nd5+ Rxd5 45. Rxd5 Bf6 46. Rxh5 Rc3 47. Rb1 Rc6 48. Rh7+ Kd6 49. Rd1+ Kc5 50. Rc1+ 1-0

[Event "*** Titled Tuesday Blitz"]
[Site "Chess.com"]
[Date "2021.03.30"]
[Round "2"]
[White "TheCairnTerrier"]
[Black "gvanna"]
[Result "0-1"]
[WhiteElo "2130"]
[BlackElo "2414"]
[TimeControl "180+1"]
[EndTime "10:18:05 PDT"]
[Termination "gvanna won on time"]

1. e4 c5 2. Nf3 Nc6 3. Bb5 g6 4.
Bxc6 bxc6 5. O-O Bg7 6. c3 d6 7. d4 cxd4 8. cxd4 Nf6 9. Nc3 O-O 10. Bg5 Be6 11. Qd2 Re8 12. d5 Bd7 13. Nd4 c5 14. Nc6 Qc7 15. Rac1 Bxc6 16. dxc6 Qxc6 17. b4 c4 18. b5 Qb7 19. a4 Nxe4 20. Nxe4 Qxe4 21. Rfe1 Qd3 22. Qxd3 cxd3 23. Rcd1 e6 24. Rxd3 d5 25.
Be3 Rec8 26. a5 Kf8 27. b6 axb6 28. Bxb6 d4 29. Bxd4 Bxd4 30. Rxd4 Rxa5 31. Rd7 Rac5 32. Ra7 R8c7 33. Ra8+ Kg7 34. Rb8 h5 35. g3 g5 36.
h3 Rc1 37. Rxc1 Rxc1+ 38. Kg2 Rc2 39. Rb6 Kg6 40. Rb5 f6 41. Ra5 e5 42. Rb5 e4 43. Rb3 Kf5 44. Rb5+ Kg6 45. Rb3 Rd2 46. Ra3 Rd3 47. Ra2 h4 48. Rb2 hxg3 49. fxg3 Kf5 50. Kf2 Ke5 51. Rb5+ Rd5 52. Rb6 f5 53. Rb2 f4 54. h4 gxh4 55. gxf4+ Kxf4 56. Rc2 Rd2+ 0-1

[Event "*** Titled Tuesday Blitz"]
[Site "Chess.com"]
[Date "2021.03.30"]
[Round "2"]
[White "slavenok"]
[Black "Nayemhaque22"]
[Result "1-0"]
[WhiteElo "2739"]
[BlackElo "2349"]
[TimeControl "180+1"]
[EndTime "10:18:06 PDT"]
[Termination "slavenok won by resignation"]

1. e4 c6 2. d4 d5 3. exd5 cxd5 4. Nf3 Nc6 5. c4 Nf6 6. Nc3 Bg4 7. cxd5 Nxd5 8. Bb5 e6 9. Qa4 Bxf3 10. Bxc6+ bxc6 11. Qxc6+ Ke7 12. gxf3 Nb4 13. Qb7+ Ke8 14. O-O Qc8 15.
Qb5+ Qd7 16. Qxd7+ Kxd7 17. Rd1 Bd6 18. d5 e5 19. a3 Nc2 20. Rb1 Nd4 21. Kg2 Nb3 22.
Be3 f5 23. Na4 f4 24. Bd2 Rhc8 25. Bc3 Rc4 26. Bb4 Bxb4 27. axb4 Rxb4 28. Nc3 Rab8 29. d6 a5 30. Rd5 Re8 31. Re1 Nd4 32. Rxa5 Nf5 33. Ra7+ Ke6 34. Ne4 Nh4+ 35. Kh3 Nxf3 36. Nc5+ Kf5 37. Rd1 Rxb2 38. Kg2 Nh4+ 39. Kg1 Nf3+ 40.
Kf1 Nxh2+ 41. Kg2 Ng4 42. Rxg7 Rxf2+ 43. Kg1 Rc2 44. d7 Rd8 45. Nb7 Rxd7 46. Rgxd7 Rc1 47. Rxc1 f3 48. Rf7+ Ke4 49. Nc5+ Ke3 50. Rc3+ Kd4 51. Rcxf3 Kxc5 52. Rxh7 Kd5 53. Rg7 Nf6 54. Rxf6 1-0

[Event "*** Titled Tuesday Blitz"]
[Site "Chess.com"]
[Date "2021.03.30"]
[Round "2"]
[White "mapleaff"]
[Black "niki_2003"]
[Result "1-0"]
[WhiteElo "2393"]
[BlackElo "2046"]
[TimeControl "180+1"]
[EndTime "10:18:06 PDT"]
[Termination "mapleaff won by checkmate"]

1. e4 c6 2. d4 d5 3. exd5 cxd5 4.
Bd3 Nf6 5. c3 e6 6. Nf3 Nc6 7.
O-O Bd6 8. Nbd2 O-O 9. Re1 Re8 10. Nf1 e5 11. dxe5 Nxe5 12. Nxe5 Bxe5 13. h3 Bd7 14. Nh2 Bxh2+ 15. Kxh2 Rxe1 16. Qxe1 Qc7+ 17. g3 Re8 18. Qd1 Qd6 19. Bf4 Qe6 20. Bf1 Ne4 21. Be3 a6 22. Bd4 Qf5 23. Kg1 Ng5 24. g4 Nf3+ 25. Kg2 Qe4 26. Kg3 Nxd4 27. Qxd4 Qxd4 28. cxd4 Re4 29. Rd1 Bb5 30. Bg2 Re2 31. Bxd5 Rxb2 32. Rc1 g6 33. Rc8+ Kg7 34. Rc7 Be8 35. Rxb7 Rxb7 36. Bxb7 a5 37. g5 a4 38. a3 f5 39.
Kf4 Kf7 40. Ke5 Ke7 41. Bd5 Bb5 42. Bg8 Bf1 43. h4 Kd7 44. Bxh7 Kc6 45. Bxg6 Kb5 46. Bxf5 Kc4 47. d5 Kb3 48. d6 Bb5 49. d7 Bxd7 50.
Bxd7 Kxa3 51. g6 Kb3 52. Bxa4+ Ka2 53. g7 Ka1 54. g8=Q Kb2 55. Qb3+ Ka1 56. Qd1+ Ka2 57. Qc2+ Ka3 58. Qb3# 1-0

[Event "*** Titled Tuesday Blitz"]
[Site "Chess.com"]
[Date "2021.03.30"]
[Round "2"]
[White "xozr"]
[Black "SanchezKelvin"]
[Result "0-1"]
[WhiteElo "2322"]
[BlackElo "2634"]
[TimeControl "180+1"]
[EndTime "10:18:07 PDT"]
[Termination "SanchezKelvin won by resignation"]

1. e4 c5 2. Nf3 d6 3. d4 cxd4 4.
Nxd4 Nf6 5. Nc3 g6 6. Be3 Bg7 7. f3 O-O 8. Qd2 Nc6 9. Bc4 Ne5 10. Bb3 Bd7 11. O-O-O Rc8 12. h4 h5 13. Bg5 Rc5 14. Kb1 Re8 15. g4 hxg4 16. f4 Nc4 17. Qe2 Qc8 18. f5 gxf5 19. exf5 Ne5 20. Ne4 Nxe4 21. Qxe4 Bc6 22. Nxc6 Qxc6 23. Qf4 Qf3 24. Qa4 Nc6 25. f6 exf6 26. Rhf1 Qe4 27. Qxe4 Rxe4 28. Bxf6 Bxf6 29. Rxf6 Ne5 30. a3 g3 31. Rg1 Rg4 32. Rxd6 Nf3 33. Rg2 Nxh4 34. Rg1 g2 35. Rf6 Rc7 36.
Rf2 Kg7 37. Ka2 Rd7 38. c3 Kg6 39. Bc2+ f5 40. Bd1 Rg3 41. Be2 Kg5 42. Bb5 Re7 43. Bd3 f4 44. Bc4 f3 45. Bd5 Kf4 46. Rd2 Rd7 47. Rd4+ Kg5 48. Rd2 f2 49. Rxf2 Rxd5 50. c4 Rf5 51. Rxf5+ Kxf5 0-1

[Event "*** Titled Tuesday Blitz"]
[Site "Chess.com"]
[Date "2021.03.30"]
[Round "2"]
[White "sorrm8thatscheckm8"]
[Black "Zmeeed63"]
[Result "0-1"]
[WhiteElo "2614"]
[BlackElo "2339"]
[TimeControl "180+1"]
[EndTime "10:18:07 PDT"]
[Termination "Zmeeed63 won on time"]

1. d4 d5 2. c4 e6 3. Nc3 c6 4.
Nf3 dxc4 5. a4 Bb4 6. e3 c5 7.
Bxc4 cxd4 8. Nxd4 Nf6 9. O-O O-O 10. Ndb5 Nc6 11. Qe2 a6 12. Rd1 Bd7 13. Nd6 Qe7 14.
Nde4 Nxe4 15. Nxe4 Rfd8 16. Bd2 Na5 17. Bxb4 Qxb4 18.
Bd3 Rac8 19. Nd6 Rc5 20. Qf3 Be8 21. Nxf7 Rd7 22. Bxh7+ Kxh7 23. Rxd7 Bxd7 24. Rd1 Be8 25. Nd6 Bh5 26. Qh3 Rd5 27. Rf1 Qxd6 28. g4 g6 29.
gxh5 Rxh5 30. Qg2 Nc6 31. f4 Qd5 32. e4 Qd4+ 33. Kh1 Qxa4 34. Rg1 Rh6 35. f5 exf5 36.
exf5 Qd4 37. fxg6+ Kg7 38. Qg5 Qe5 39. Qd2 Rxg6 40.
Qd7+ Kh6 41. Qh3+ Kg7 42. Qd7+ Kg8 43. Qc8+ Kf7 44. Qd7+ Kf6 45. Qg7+ Kxg7 46. Rf1 Qe4+ 0-1

[Event "*** Titled Tuesday Blitz"]
[Site "Chess.com"]
[Date "2021.03.30"]
[Round "2"]
[White "chenrip"]
[Black "AEMEffi"]
[Result "1-0"]
[WhiteElo "2469"]
[BlackElo "2265"]
[TimeControl "180+1"]
[EndTime "10:18:08 PDT"]
[Termination "chenrip won on time"]

1. e4 e5 2. Nf3 Nc6 3. d4 exd4 4. Nxd4 Nf6 5. Nxc6 bxc6 6. Qe2 Qe7 7. Nc3 d6 8. Bg5 h6 9. Bh4 g5 10. Bg3 Bg7 11.
O-O-O O-O 12. h4 g4 13. Qc4 Nh5 14. Qxc6 Nxg3 15. fxg3 Bxc3 16. Qxc3 Qxe4 17. Bc4 Be6 18.
Rhe1 Qxc4 19. Qxc4 Bxc4 20. Re7 Rac8 21. Re4 Be6 22. Ra4 Ra8 23. Rd3 Kg7 24. Rda3 f5 25.
Rxa7 Rxa7 26. Rxa7 Rf7 27. a4 c5 28. Ra6 Rd7 29. Kd2 Kf6 30. Ke3 Ke5 31. a5 Bd5 32. b3 Bxg2 33. Rb6 Ra7 34. a6 h5 35. c3 Be4 36. b4 cxb4 37. cxb4 d5 38. b5 d4+ 39. Kd2 Rc7 40. Rb8 Rc2+ 41. Kd1 d3 42. a7 Ra2 43. b6 Kd4 44. b7 Ke3 45. a8=Q Rd2+ 46. Kc1 Rc2+ 47. Kb1 d2 48. Rd8 Rc1+ 49. Kb2 Rb1+ 50. Kc3 Rc1+ 51. Kb4 Rb1+ 52. Kc5 Rc1+ 53. Kb6 Rb1+ 54. Kc7 Rc1+ 55. Kb8 d1=Q 56. Rxd1 Rxd1 57. Qa7+ Kf3 58. Kc7 Bxb7 59. Qxb7+ 1-0

[Event "*** Titled Tuesday Blitz"]
[Site "Chess.com"]
[Date "2021.03.30"]
[Round "2"]
[White "PrinceMurad09"]
[Black "ChristopherYoo"]
[Result "0-1"]
[WhiteElo "2579"]
[BlackElo "2930"]
[TimeControl "180+1"]
[EndTime "10:18:09 PDT"]
[Termination "ChristopherYoo won on time"]

1. e4 c5 2. Nf3 e6 3. g3 Nc6 4. Bg2 Nf6 5. Qe2 Be7 6. O-O e5 7. c3 d6 8. h3 O-O 9. Rd1 d5 10. exd5 Qxd5 11. d4 e4 12. Ng5 Bf5 13. dxc5 Qxc5 14.
Nxe4 Nxe4 15. Bxe4 Qe5 16. Bf3 Qxe2 17. Bxe2 Bxh3 18.
Bf4 Be6 19. Nd2 Rfd8 20. Ne4 f6 21. b3 g5 22. Be3 h6 23. Nc5 Bxc5 24. Bxc5 Ne5 25.
Be7 Rxd1+ 26. Rxd1 Kf7 27. Bc5 b6 28. Be3 Kg7 29.
Rd6 Bg4 30. Bxg4 Nxg4 31. Bd4 Kf7 32. f3 Ke7 33. Rd5 Ke6 34. Rb5 Ne5 35. Bxe5 fxe5 36.
a4 Rd8 37. a5 bxa5 38. Rxa5 Rd3 39. Ra6+ Kf5 40. Kf2 h5 41. Rxa7 Rxc3 42. Rf7+ Ke6 43. Rh7 g4 44. fxg4 hxg4 45. Rg7 Kf5 46. Rf7+ Ke4 47.
Rg7 Rc2+ 48. Ke1 Kf3 49. Re7 Rc5 50. b4 Rb5 51. Rf7+ Kxg3 52. Ke2 Rxb4 53. Ke3 Kh2 54.
Rh7+ Kg2 55. Rc7 g3 56. Rc2+ Kh3 57. Ke2 Rf4 58. Rc1 g2 59. Ke3 Kh2 0-1

[Event "*** Titled Tuesday Blitz"]
[Site "Chess.com"]
[Date "2021.03.30"]
[Round "2"]
[White "Kislov_Oleg"]
[Black "tjychess"]
[Result "0-1"]
[WhiteElo "2477"]
[BlackElo "2683"]
[TimeControl "180+1"]
[EndTime "10:18:09 PDT"]
[Termination "tjychess won by resignation"]

1. e4 e5 2. Nf3 Nc6 3. d4 exd4 4. Nxd4 Nf6 5. Nc3 Bb4 6. Nxc6 bxc6 7. Bd3 O-O 8. O-O d5 9. exd5 cxd5 10. Bg5 c6 11. Qf3 Bd6 12. h3 Rb8 13. Rab1 h6 14. Bxf6 Qxf6 15. Qxf6 gxf6 16. Ne2 Re8 17. Nd4 Bd7 18.
Nf5 Bf8 19. b3 Re5 20. g4 Rbe8 21. Kg2 c5 22. f4 R5e6 23. Kf2 a5 24. Rfe1 Bc6 25.
Ng3 Bd6 26. Nh5 Kf8 27. Bf5 Rxe1 28. Rxe1 Rxe1 29. Kxe1 Ke7 30. Kf2 c4 31. Kf3 d4+ 32. Ke2 Bd5 33. Kd2 Bb4+ 34. Ke2 Bd6 35. Kd2 Bc7 36. a4 cxb3 37. cxb3 Bxb3 38. Kd3 Bb6 39. Ng3 Bxa4 40. Ne2 Bb5+ 41. Kd2 Kd6 42. Bc2 a4 43. Bd3 Bxd3 44. Kxd3 a3 45. Nc1 Kc5 46. Na2 Kb5 47. h4 Ka4 48. h5 Kb3 49. Nc1+ Kb2 50. g5 fxg5 51. fxg5 hxg5 52. h6 Bd8 53. h7 Bf6 54. Ne2 a2 55. Ng3 a1=Q 56. Ne4 Qb1+ 0-1

[Event "*** Titled Tuesday Blitz"]
[Site "Chess.com"]
[Date "2021.03.30"]
[Round "2"]
[White "SchmakAttack"]
[Black "Olga_Zhuravleva"]
[Result "0-1"]
[WhiteElo "2602"]
[BlackElo "2317"]
[TimeControl "180+1"]
[EndTime "10:18:09 PDT"]
[Termination "Olga_Zhuravleva won on time"]

1. e4 e5 2. Nf3 Nc6 3. Bc4 Nf6 4. d3 d5 5. exd5 Nxd5 6. O-O Bc5 7. c3 Nb6 8. Bb5 Bg4 9. h3 Bh5 10. g4 Bg6 11. Nxe5 O-O 12. Bxc6 bxc6 13. d4 Bd6 14. Nxg6 fxg6 15. Kg2 Nd5 16. c4 Nf4+ 17. Bxf4 Rxf4 18. Nc3 Qf6 19. c5 Be7 20. Qb3+ Kh8 21. Ne2 Re4 22. Qd3 Qe6 23. Nc3 Rf4 24. Rae1 Qf7 25. Qe3 Bh4 26. Re2 h5 27. Qe6 Qxe6 28. Rxe6 hxg4 29. Ne2 Rf6 30. Rxf6 Bxf6 31. hxg4 Re8 32. Kf3 Kg8 33. Rd1 Rd8 34.
Ke4 Kf7 35. b3 Re8+ 36. Kd3 Rh8 37. f4 Rh3+ 38. Ke4 g5 39. fxg5 Bxg5 40. Rf1+ Ke7 41. Nf4 Rh2 42. Ng6+ Ke6 43. Nf8+ Ke7 44. Ng6+ Ke6 45.
Rf5 Bf6 46. Nf4+ Ke7 47. g5 Rh4 48. gxf6+ gxf6 49. Kd3 Kf7 50. Ne2 Rh3+ 51. Kc4 Rh2 52. Nf4 Rxa2 0-1

[Event "*** Titled Tuesday Blitz"]
[Site "Chess.com"]
[Date "2021.03.30"]
[Round "2"]
[White "korkmaz16"]
[Black "volunteers1998"]
[Result "1-0"]
[WhiteElo "2504"]
[BlackElo "2180"]
[TimeControl "180+1"]
[EndTime "10:18:09 PDT"]
[Termination "korkmaz16 won on time"]

1. e4 c5 2. Nc3 Nc6 3. f4 e6 4.
Nf3 d5 5. Bb5 Nf6 6. Bxc6+ bxc6 7.
d3 Be7 8. O-O O-O 9. e5 Nd7 10.
Na4 Qa5 11. c4 Rb8 12. b3 Nb6 13. Bd2 Qa6 14. Nc3 Bd7 15. Qe1 Qb7 16. Qg3 a5 17. f5 exf5 18. Bh6 g6 19. Bxf8 Bxf8 20. Ne2 a4 21.
Nf4 axb3 22. axb3 Bg7 23. Rae1 Ra8 24. e6 fxe6 25. Nxe6 Bxe6 26. Rxe6 Qd7 27. Rfe1 Bc3 28. R1e2 dxc4 29. dxc4 Ra1+ 30. Kf2 Bd4+ 31. Nxd4 Qxd4+ 32. Qe3 Qxe3+ 33. R2xe3 Ra2+ 34. Kf3 Rd2 35. Rxc6 Nd7 36. Re7 Kf8 37. Re3 Rd1 38. Rc8+ Kf7 39. Rc7 Rd2 40. Re2 Rd3+ 41. Kf2 g5 42. g3 h5 43. Ke1 f4 44.
Rd2 Re3+ 45. Kf2 g4 46. Rcxd7+ Kf6 47. R2d6+ Kf5 48. Rd5+ Kf6 49. R7d6+ Kf7 50. gxf4 Rf3+ 51. Kg2 Rxf4 52. Rxh5 Rf3 53. Rh7+ Ke8 54. Ra6 1-0

[Event "*** Titled Tuesday Blitz"]
[Site "Chess.com"]
[Date "2021.03.30"]
[Round "2"]
[White "lucachess49"]
[Black "Kapibara_Warri0r"]
[Result "1/2-1/2"]
[WhiteElo "2430"]
[BlackElo "2234"]
[TimeControl "180+1"]
[EndTime "10:18:09 PDT"]
[Termination "Game drawn by repetition"]

1. d4 Nf6 2. c4 e6 3. Nc3 Bb4 4. e3 c5 5. Ne2 b6 6. a3 Bxc3+ 7.
Nxc3 Bb7 8. d5 exd5 9. cxd5 d6 10. e4 Nbd7 11. Bf4 Ne5 12. Bb5+ Nfd7 13. Bxe5 dxe5 14. Qg4 Qe7 15. Bxd7+ Qxd7 16. Qxg7 O-O-O 17. Qxe5 Rde8 18. Qf4 f5 19. O-O-O fxe4 20. Nxe4 Rhf8 21. Nf6 Qg7 22. Qf5+ Kb8 23. Nd7+ Ka8 24. Nxf8 Rxf8 25. Qe6 Bc8 26. Qc6+ Bb7 27. Qd6 a6 28. Rd2 Qxg2 29. Rhd1 Rxf2 30. Qxb6 Rxd2 31. Rxd2 Qf1+ 32. Kc2 Qf5+ 33.
Kc1 Qf1+ 34. Rd1 Qf4+ 35. Kb1 Qe4+ 36. Ka1 Qc2 37. Qd8+ Ka7 38. Re1 Qd2 39. Re7 Qc1+ 40. Ka2 Qc4+ 41. Kb1 Qf1+ 42. Kc2 Qf2+ 43. Kc3 Qf3+ 44.
Kc4 Qf4+ 45. Kxc5 Qc1+ 46. Kd6 Qf4+ 47. Kd7 Qf5+ 48. Ke8 Qg6+ 49. Rf7 Qg8+ 50. Ke7 Qg5+ 51. Ke8 Qg8+ 52. Rf8 Qg6+ 53. Rf7 Qg8+ 1/2-1/2

[Event "*** Titled Tuesday Blitz"]
[Site "Chess.com"]
[Date "2021.03.30"]
[Round "2"]
[White "Nikolaj_6"]
[Black "fabianvivasz"]
[Result "1-0"]
[WhiteElo "2649"]
[BlackElo "2392"]
[TimeControl "180+1"]
[EndTime "10:18:10 PDT"]
[Termination "Nikolaj_6 won by resignation"]

1. e4 e5 2. Nf3 Nc6 3. Bb5 f5 4. Nc3 fxe4 5. Nxe4 Nf6 6. Qe2 d5 7. Ng3 Bd6 8. Bxc6+ bxc6 9. Nxe5 O-O 10. d4 c5 11.
c3 cxd4 12. cxd4 c5 13. O-O cxd4 14. Nf3 Bg4 15. h3 Bxf3 16. Qxf3 Ne4 17. Qb3 Bxg3 18. fxg3 Rxf1+ 19. Kxf1 Qd6 20. Bf4 Rf8 21. Kg1 Qe6 22. Rd1 g5 23. Bc1 Qe5 24. Re1 h5 25. Bxg5 Qf5 26. Bf4 h4 27. g4 Qxf4 28. Qxd5+ Rf7 29. Qxe4 Qf2+ 30. Kh1 Kg7 31. Qe5+ Qf6 32. Qxf6+ Kxf6 33. Kg1 Kg5 34. Re5+ Kf4 35. Rf5+ Rxf5 36. gxf5 Kxf5 37. Kf2 Kf4 38. b4 d3 39. Ke1 Kg3 40. a4 Kxg2 41. b5 Kxh3 42. a5 Kg2 43. b6 axb6 44. a6 h3 45. a7 h2 46. a8=Q+ Kh3 47. Qc8+ Kg3 48. Qc7+ Kg2 49. Qc6+ Kg3 50. Qd6+ Kg2 51. Qd5+ Kg3 52. Qxd3+ Kg2 53. Qe4+ Kg3 54. Kf1 b5 55. Qg2+ 1-0

[Event "*** Titled Tuesday Blitz"]
[Site "Chess.com"]
[Date "2021.03.30"]
[Round "2"]
[White "sbouchet"]
[Black "sganerdene"]
[Result "0-1"]
[WhiteElo "2391"]
[BlackElo "2656"]
[TimeControl "180+1"]
[EndTime "10:18:10 PDT"]
[Termination "sganerdene won by resignation"]

1. e4 c5 2. c3 e6 3. d4 cxd4 4. cxd4 d5 5. e5 Nc6 6. Nf3 Nge7 7. Nbd2 Nf5 8. Nb3 a5 9. a4 Bd7 10. Bd3 Be7 11. O-O Qb6 12. Bxf5 exf5 13. Bg5 Bb4 14. Bd2 Bxd2 15. Nbxd2 Nxd4 16. Nxd4 Qxd4 17. Nf3 Qxd1 18. Rfxd1 Be6 19. Nd4 Rc8 20. Rac1 Kd7 21. f4 Ke7 22. Kf2 Bd7 23. b3 b6 24. Ke3 Rc5 25. Kd2 Rhc8 26. g3 f6 27. h4 fxe5 28. fxe5 g6 29.
Re1 Be8 30. Red1 h6 31. Rf1 Bd7 32. Rfe1 Rxc1 33. Rxc1 Rc5 34. Re1 Rc8 35. h5 Rg8 36. e6 Be8 37. hxg6 Bxg6 38. Nc6+ Kd6 39. Nd4 f4 40.
gxf4 Be4 41. Re2 Rf8 42. Rh2 Rxf4 43. Rxh6 Rf8 44. Nb5+ Ke5 45. Ke3 Re8 46. Ke2 Rxe6 47. Rxe6+ Kxe6 48. Ke3 Ke5 49. Nd4 Bg6 50. Nb5 Be8 51.
Nd4 Bd7 52. Nf3+ Kd6 53. Nd4 Kc5 54. Kd3 Kb4 55. Kc2 Be8 56. Kd3 Bg6+ 57. Ke3 Kc3 58. Nb5+ Kxb3 59. Kd4 Kxa4 60. Nc3+ Kb3 61. Nxd5 a4 62.
Nc3 a3 0-1